 Dungeon Crawl Stone Soup version 0.29.1-1-gd02db6906a (webtiles) character file.

Game seed: 6657584752116808674

161 fireball365 the Digger (level 4, 0/34 HPs)
             Began as a Demigod Earth Elementalist on Oct 5, 2022.
             Slain by Terence
             ... wielding a +0 flail
              (3 damage)
             ... on level 3 of the Dungeon.
             The game lasted 00:13:53 (2892 turns).

fireball365 the Digger (Demigod Earth Elementalist) Turns: 2892, Time: 00:13:54

Health: 0/34       AC:  9    Str: 13    XL:     4   Next: 98%
Magic:  10/10      EV:  6    Int: 17    God:
Gold:   122        SH:  0    Dex: 14    Spells: 7/8 levels left

rFire   . . .      SeeInvis .   i - +5 whip
rCold   . . .      Faith    +   p - orb {light}
rNeg    . . .      Spirit   .   j - +0 chain mail
rPois   .          Reflect  .   (no helmet)
rElec   .          Harm     .   t - +0 cloak
rCorr   .          Rampage  .   (no gloves)
Will    .....                   (no boots)
Stlth   ..........              o - amulet of faith
HPRegen 0.11/turn               (no ring)
MPRegen 0.12/turn               (no ring)

@: glowing
A: high MP 1, forlorn, divine attributes
a: no special abilities


You were on level 3 of the Dungeon.
You visited 1 branch of the dungeon, and saw 3 of its levels.

You collected 122 gold pieces.

Inventory:

Hand Weapons
 f - a +0 whip
 h - a +0 spear
 i - a +5 whip (weapon)
Missiles
 g - 47 stones
 n - 3 silver javelins
Armour
 a - a +0 robe
 e - a +0 robe of cold resistance
 j - a +0 chain mail (worn)
 l - a +0 kite shield
 p - an orb of light (worn)
 t - a +0 cloak (worn)
Jewellery
 o - an amulet of faith (around neck)
Scrolls
 c - a scroll of enchant weapon
 d - 2 scrolls of identify {unknown}
 k - 2 scrolls of brand weapon {unknown}
 r - a scroll of poison {unknown}
 s - a scroll of noise {unknown}
Potions
 b - a potion of magic
 m - a potion of mutation {unknown}
 q - a potion of haste {unknown}


   Skills:
 + Level 0.5 Fighting
 + Level 1.7 Maces & Flails
 + Level 1.8 Armour
 + Level 2.0 Dodging
 + Level 2.0 Stealth
 + Level 0.1 Shields
 + Level 2.7 Spellcasting
 + Level 0.8 Transmutations
 + Level 3.3 Earth Magic


You had 7 spell levels left.
You knew the following spells:

 Your Spells              Type           Power      Damage    Failure   Level
a - Sandblast             Erth           26%        2d8       83%         1

Your spell library contained the following spells:

 Spells                   Type           Power      Damage    Failure   Level
 Passwall                 Tmut/Erth      7%         N/A       98%         2
 Apportation              Tloc           4%         N/A       99%         1
 Magic Dart               Conj           8%         1d3       99%         1
 Necrotise                Necr           8%         1d4       99%         1
 Summon Small Mammal      Summ           8%         N/A       99%         1
 Call Imp                 Summ           2%         N/A       100%        2
 Ignite Poison            Fire/Tmut/Pois 3%         N/A       100%        3
 Mephitic Cloud           Conj/Pois/Air  2%         N/A       100%        3
 Stone Arrow              Conj/Erth      16%        3d8       100%        3
 Vampiric Draining        Necr           2%         2d6       100%        3
 Petrify                  Tmut/Erth      9%         N/A       100%        4
 Agony                    Necr           2%         N/A       100%        5
 Freezing Cloud           Conj/Ice/Air   1%         6-21      100%        5


Dungeon Overview and Level Annotations

Branches:
Dungeon (3/15)

Shops:
D:1 !

Annotations:
D:3 3 runed translucent doors, Terence; fireball365's ghost, weakling DgEE


Innate Abilities, Weirdness & Mutations

You have an increased reservoir of magic. (+10% MP)
You shall have no god before yourself.
Your divine heritage dramatically boosts your attributes as you level up.


Message History

Terence the Incautious comes into view.
He is wielding a +0 flail.
Terence shouts!
An orc comes into view. It is wielding a +0 short sword.
The orc shouts!
The orc closely misses you. The orc attacks as you move away!
The orc hits you with a +0 flail.
You hit the orc.
The orc is heavily wounded.
The orc hits you with a +0 flail. Terence hits you but does no damage.
You hit the orc.
You kill the orc!
Terence hits you with a +0 flail.
You hit the orc.
The orc is severely wounded.
The orc hits you but does no damage. Terence barely misses you.
You hit the orc.
You kill the orc!
Terence hits you but does no damage. Terence hits you with a +0 flail.
You hit Terence.
Terence is moderately wounded.
Terence hits you but does no damage.
You hit Terence but do no damage.
Terence is moderately wounded.
Terence hits you with a +0 flail.
You hit Terence but do no damage.
Terence is moderately wounded.
Terence hits you with a +0 flail!
* * * LOW HITPOINT WARNING * * *
You hit Terence but do no damage.
Terence is moderately wounded.
Terence hits you but does no damage.
You hit Terence but do no damage.
Terence is moderately wounded.
Terence hits you with a +0 flail.
* * * LOW HITPOINT WARNING * * *
As you read the scroll labelled OVVEN XUQEZANK, it crumbles to dust.
It is a scroll of enchant weapon.
Your +4 whip glows red for a moment.
Terence hits you with a +0 flail.
You die...

#############
............#
............#
............#
............########
....!..............#
...................#
#>....)..#.......#
###...@@.#.......#
###.#...#.......##
#................# #
#.###..#.....###.# ..
#......#.........###.#
...........#.........#
....#.#............#....
...+.##########...#[##.
.. ## #.8.8.8.8...#....


You could see Terence.

Vanquished Creatures
  Ijyb (D:3)
  An orc wizard (D:3)
  A gnoll (D:1)
  2 adders
  A worm (D:2)
  9 orcs
  10 ball pythons
  5 endoplasms
  3 giant cockroaches (D:1)
  9 goblins
  3 hobgoblins
  9 kobolds
  2 quokkas
  7 bats
  5 frilled lizards
  5 rats
73 creatures vanquished.

Vanquished Creatures (others)
  5 fungi (D:2)
  3 plants (D:2)
8 creatures vanquished.

Grand Total: 81 creatures vanquished

Notes
Turn   | Place    | Note
-------+----------+-------------------------------------------
     0 | D:1      | fireball365 the Demigod Earth Elementalist began the quest
                  | for the Orb.
     0 | D:1      | Reached XP level 1. HP: 14/14 MP: 5/5
   145 | D:1      | Reached XP level 2. HP: 20/20 MP: 2/7
   147 | D:1      | Reached skill level 3 in Earth Magic
   444 | D:1      | Found Fydus's Distillery.
   542 | D:1      | Reached XP level 3. HP: 18/26 MP: 7/9
  1887 | D:2      | Reached skill level 1 in Maces & Flails
  1962 | D:2      | Reached skill level 1 in Armour
  2126 | D:2      | Reached XP level 4. HP: 33/33 MP: 10/10
  2351 | D:3      | Found a runed translucent gate.
  2351 | D:3      | Found a runed translucent gate.
  2351 | D:3      | Found a runed translucent gate.
  2356 | D:3      | Noticed fireball365's ghost (weakling DgEE)
  2357 | D:3      | Noticed a kobold brigand
  2614 | D:3      | Noticed Ijyb
  2636 | D:3      | Killed Ijyb
  2875 | D:3      | Noticed Terence
  2892 | D:3      | Slain by Terence

Illustrated notes

Levels and vault maps discovered:
D:1:      spicycebolla_arrival_risky_transporter, layout_loops_ring,
          serial_shops, shop_fountains, chequers_mini_garden, st_stairs_11
D:2:      layout_rooms, shapermc_ecumenical_altar_ellora, wad_orctagon
D:3:      kennysheep_the_goblin_king, layout_basic, mainiacjoe_overflow_paths,
          gammafunk_ghost_nasty_kobolds, kennysheep_cluttered_room,
          uniq_terence, uniq_ijyb

Skill      XL: |  1  2  3 |
---------------+----------+-----
Spellcasting   | 2 |  2.7
Earth Magic    | 3 |  3.3
Stealth        | 2 |  2.0
Dodging        | 2 |  2.0
Maces & Flails | 1 |  1.7
Armour         | 1 |  1.8
Fighting       | |  0.5
Shields        | |  0.1
Transmutations | |  0.8

Action                   |  1- 3 |  4- 6 || total
-------------------------+-------+-------++-------
Melee: Whip              |   135 |    53 ||   188
 Cast: Sandblast         |    14 |     3 ||    17
  Use: Potion            |     1 |     2 ||     3
       Scroll            |       |     1 ||     1
Armor: Chain mail        |   159 |    43 ||   202
Dodge: Dodged            |    57 |    17 ||    74
Block: Kite shield       |     6 |       ||     6
